Map: Void Launch

Players

CtG

  • Race: Zerg Zerg

CtG

  • Race: Terran Terran
  • Spawn Location: 6:00

VOD

https://youtu.be/YwGcRYWaVFM

Description

How to solo the co-op mutation as Stukov with all three bonuses obtained.

Time

  • Played on: Oct. 1, 2018, 2:51 p.m.
  • Length: 25:33
Show
View Real Time Build Order
Export as new Build Order

CtG Zerg 

Build Orders:  

Get SALT Encoding   

  12  0:03  Infested SCV  
  13  0:11  Infested SCV  
  13  0:17  Infested Colonist Compound  
  13  0:18  Infested SCV  
  15  0:31  Overlord  
  15  0:56  Infested SCV  
  15  0:57  Infested SCV  
  17  1:05  Infested SCV  
  18  1:30  Infested Command Center  
  18  1:47  Infested Barracks  
  18  1:53  Infested SCV  
  18  1:54  Infested Colonist Compound  
  18  1:58  Overlord  
  19  2:22  Infested Colonist Compound  
  19  2:48  Infested Bunker  
  23  3:02  Infested Bunker  
  23  3:03  Infested Barracks  
  27  3:11  Infested Refinery, Infested SCV  
  28  3:57  Infested Refinery  
  28  4:07  Infested Command Center  
  28  4:08  Infested Engineering Bay  
  28  4:12  Infested Barracks Tech Lab  
  28  4:23  Infested SCV  
  28  4:24  Infested SCV x7  
  36  4:39  Infested Bunker  
  36  4:40  Infested Bunker  
  36  4:49  Infested Colonist Compound  
  36  4:52  Overlord  
  36  4:56  Infested SCV  
  36  4:57  Infested SCV  
  38  5:05  Plagued Munitions  
  38  5:43  Stukov Infantry Weapons Level 1  
  38  5:47  Infested SCV x3  
  38  5:48  Infested SCV x2  
  38  5:49  Infested SCV x3  
  46  6:13  Infested SCV  
  46  6:15  Infested SCV  
  46  6:18  Overlord  
  48  6:24  Infested Bunker  
  52  6:53  Broodling Gestation  
  52  6:54  Infested Bunker  
  52  6:56  Infested Bunker  
  52  7:01  Infested Colonist Compound  
  60  7:12  Infested Bunker x2  
  60  7:59  Infested Missile Turret  
  60  8:07  Infested Factory  
  60  8:13  Overlord x3  
  60  8:23  Anaerobic Enhancement  
  60  8:53  Regenerative Plating  
  60  9:03  Infested Bunker  
  60  9:27  Infested Bunker  
  60  9:28  Infested Bunker, Overlord  
  72  9:30  Infested Bunker  
  72  9:35  Infestation Level 1  
  72  9:39  Infested Barracks  
  80  9:41  Infested Factory, Infested Factory Tech Lab  
  80  9:42  Infested Bunker x2  
  80  9:47  Infested Bunker  
  80  9:49  Infested Missile Turret  
  80  9:50  Infested Bunker  
  80  10:27  Stukov Infantry Weapons Level 2  
  80  10:38  Infested Bunker, Infested Armory  
  80  10:39  Infested Bunker  
  80  10:40  Infested Engineering Bay  
  80  10:45  Infested Bunker  
  80  11:02  Infested Bunker  
  80  11:04  Infested Bunker  
  80  11:06  Infested Bunker  
  80  11:34  Infested Bunker  
  80  11:35  Infested Siege Tank, Automated Mitosis  
  80  11:36  Infested Bunker  
  80  11:38  Overlord  
  83  11:44  Infested Bunker  
  91  11:50  Infested Bunker  
  91  12:01  Overlord x4  
  91  12:07  Calcified Armor  
  91  12:48  Infested Bunker  
  91  12:49  Infested Bunker  
  111  12:50  Infested Bunker  
  111  12:53  Infested Bunker x2  
  111  12:54  Overlord x3  
  111  12:55  Overlord, Aggressive Incubation  
  111  13:28  Infested Refinery  
  111  13:36  Infested Bunker  
  111  13:40  Infested Bunker  
  108  14:12  Infested Bunker  
  108  14:16  Infested Bunker  
  108  14:26  Overlord  
  120  14:32  Infested Bunker  
  120  14:34  Infested Bunker  
  120  14:36  Infested Bunker x3  
  120  14:39  Stukov Infantry Weapons Level 3  
  136  14:41  Stukov Vehicle and Ship Weapons Level 1  
  136  15:11  Stukov Infantry Armor Level 1  
  136  15:24  Infested Bunker x3  
  136  15:26  Infested Bunker  
  136  15:27  Infested Bunker  
  136  15:28  Infested Bunker, Infested SCV x2  
  136  15:29  Infested Bunker x2, Infested SCV  
  143  15:30  Infested SCV  
  144  16:32  Infested Bunker  
  144  16:34  Infested Bunker  
  144  16:38  Infested Bunker  
  144  16:41  Infested Bunker  
  144  16:46  Infested Bunker x2  
  144  16:48  Infested Bunker  
  144  16:55  Acidic Enzymes  
  144  16:57  Infested Siege Tank x3  
  133  17:45  Stukov Vehicle and Ship Weapons Level 2  
  137  18:20  Infested Bunker  
  137  18:22  Infested Bunker  
  137  18:23  Infested Bunker  
  137  18:25  Infested Bunker  
  137  18:28  Infested Bunker x2  
  169  18:30  Infested Bunker  
  169  18:31  Infested Bunker x2, Overlord x2  
  169  18:33  Infested Bunker  
  169  18:34  Stukov Infantry Armor Level 2  
  169  18:49  Infested Refinery  
  169  19:02  Infested Bunker  
  169  19:15  Infested Siege Tank x3  
  177  19:21  Infested Bunker  
  177  19:22  Infested Bunker  
  169  19:40  Infested Bunker  
  169  19:43  Infested Bunker  
  169  19:47  Infested Bunker  
  169  19:51  Infested Bunker  
  169  19:52  Infested Bunker x2  
  169  19:55  Infested Bunker  
  169  20:02  Infested Bunker  
  169  20:21  Infested Bunker  
  169  20:22  Overlord x2  
  169  20:29  Infestation Level 2  
  173  20:36  Infested SCV x3  
  176  20:51  Infested Bunker  
  180  21:02  Infested Bunker  
  180  21:04  Infested Bunker  
  180  21:06  Infested Bunker  
  188  21:23  Infested Bunker  
  192  21:51  Infested Bunker  
  192  22:09  Infested Siege Tank x2  
  198  22:10  Infested Bunker  
  198  22:11  Infested Bunker  
  198  22:14  Infested Bunker  
  198  22:40  Infestation Level 3  
  198  22:49  Infested Bunker  
  198  23:22  Infested Bunker  
  198  23:52  Infested Missile Turret  
  198  23:54  Infested Missile Turret  
  198  23:56  Infested Missile Turret  
  198  24:12  Infested Missile Turret  
  198  24:16  Infested Bunker  
  198  24:20  Infested Bunker  
  198  24:25  Infested Bunker  
  198  24:27  Infested Missile Turret  
  197  24:37  Infested Missile Turret  
  197  24:38  Infested Missile Turret  
Show
View Real Time Build Order
Export as new Build Order

CtG Terran 

Build Orders:  

Get SALT Encoding   

Tags
 
Add a new tag
Caveats
  • Supply blocks, unpowered buildings, or Contaminate may cause inaccurate times.
  • Supply counts are checked every 10 seconds.